 Dungeon Crawl Stone Soup version 0.26-a0-466-g989023bd0d (webtiles) character file.

Game seed: 1877522656739927497

172 DsMo the Twirler (level 5, -7/32 HPs)
             Began as a Kobold Gladiator on July 31, 2020.
             Was an Initiate of Ru.
             Mangled by Grinder (9 damage)
             ... while paralysed by Grinder
             ... on level 3 of the Dungeon.
             The game lasted 00:05:15 (3323 turns).

DsMo the Twirler (Kobold Gladiator)                 Turns: 3323, Time: 00:05:15

Health: -7/32      AC:  7    Str: 13    XL:     5   Next: 82%
Magic:  5/5        EV:  3    Int:  9    God:    Ru [......]
Gold:   99         SH:  0    Dex: 16    Spells: 4/4 levels left

rFire    . . .     SeeInvis .   a - +1 quarterstaff
rCold    . . .     Faith    .   (shield currently unavailable)
rNeg     . . .     Spirit   .   R - +0 ring mail
rPois    +         Reflect  .   c - +0 helmet
rElec    .         Harm     .   O - +0 cloak
rCorr    .                      (no gloves)
MR       .....                  (no boots)
Stlth    ++........             L - amulet of inaccuracy (curse)
HPRegen  0.10/turn              o - ring of poison resistance (curse)
MPRegen  0.09/turn              (no ring)

@: paralysed
A: small, nightstalker 3
a: Renounce Religion


You were on level 3 of the Dungeon.
You worshipped Ru.
Ru was noncommittal.
You visited 1 branch of the dungeon, and saw 3 of its levels.

You collected 99 gold pieces.

Inventory:

Hand Weapons
 a - a +1 quarterstaff (weapon)
Missiles
 Z - a throwing net (quivered) {!d , @Q1}
Armour
 c - a +0 helmet (worn)
 O - a +0 cloak (worn)
 R - a +0 ring mail (worn)
Jewellery
 o - a cursed ring of poison resistance (left hand)
 L - a cursed amulet of inaccuracy (around neck)
 W - an uncursed amulet of reflection {unknown}
Scrolls
 K - a scroll of identify {unknown}
 P - a scroll of noise {unknown}
 S - a scroll of amnesia {unknown}
Potions
 M - a potion of berserk rage {unknown}
 N - a potion of mutation {unknown}
 Q - a potion of brilliance {unknown}
 T - a potion of magic {unknown}
 U - a potion of curing {@q1}
 V - a potion of cancellation {unknown}
 X - a potion of resistance {unknown}
 Y - a potion of lignification {unknown}


   Skills:
 + Level 3.2 Fighting
 * Level 4.5 Staves
 - Level 2.1 Throwing
 + Level 1.1 Armour
 + Level 4.2 Dodging


You had 4 spell levels left.
You didn't know any spells.
Your spell library was empty.

Dungeon Overview and Level Annotations

Branches:
Dungeon (3/15)

Altars:
Makhleb
Ru

Annotations:
D:3 Grinder


Innate Abilities, Weirdness & Mutations

You are small and have problems with some larger weapons.
You are completely attuned to the shadows.


Message History

You don't have any such object.
Quiver which item? (- for none, * to show all) (? for menu, Esc to quit)
You don't have any such object.
Quiver which item? (- for none, * to show all) (? for menu, Esc to quit)
You don't have any such object.
Quiver which item? (- for none, * to show all) (? for menu, Esc to quit)
Okay, then.
Unknown command.
Throwing (i - inventory)
Z - 3 throwing nets (quivered)
{!d , @Q1}
Press: ? - help, Shift-Dir - straight line, f - Grinder
Aim: Grinder You throw a throwing net {!d , @Q1}.
The throwing net {!d , @Q1} hits Grinder.
Grinder is caught in the net!
The orc shouts!
You hear a shout!
An orc comes into view. It is wielding a +0 falchion.
You barely miss Grinder.
Grinder says, "You look like you could use a good racking."
Grinder gestures at you.
You suddenly lose the ability to move!
Grinder struggles against the net.
Grinder struggles against the net. x2
The orc hits you with a +0 club.
Grinder blinks!
The orc hits you but does no damage.
An orc comes into view. It is wielding a +0 hand axe.
You can move again.
You take 3 damage, and have 22/32 hp.
Unknown command.
You barely miss the orc. The orc hits you but does no damage.
The orc shouts!
You sock the orc!
You kill the orc!
You hear a shout!
Grinder blinks!
Found a stone staircase leading down.
You see here a +0 club.
The orc misses you.
An orc comes into view.
The orc barely misses you. Grinder hits you but does no damage.
You see here a +0 club.
Throwing (i - inventory)
Z - 2 throwing nets (quivered)
{!d , @Q1}
Press: ? - help, Shift-Dir - straight line, f/p - Grinder
Aim: Grinder You throw a throwing net {!d , @Q1}.
The throwing net {!d , @Q1} hits Grinder.
Grinder is caught in the net!
The orc misses you. The orc hits you but does no damage.
Grinder struggles against the net.
An orc comes into view. It is wielding a +0 dagger.
Unknown command.
The orc shouts!
You hit Grinder.
Grinder is lightly wounded.
The orc hits you with a +0 hand axe.
Grinder struggles against the net.
The orc closely misses you.
You take 1 damage, and have 22/32 hp.
You hit Grinder.
Grinder is lightly wounded.
The orc misses you.
Grinder blinks!
The orc hits you with a +0 falchion.
You take 4 damage, and have 18/32 hp.
The orc hits you but does no damage. The orc barely misses you.
You barely miss the orc. The orc misses you.
The orc hits you but does no damage. The orc misses you.
Grinder blinks!
You closely miss the orc. The orc barely misses you.
You sock the orc!
You kill the orc!
You barely miss the orc. Grinder gestures at you.
You suddenly lose the ability to move!
The orc barely misses you. The orc hits you but does no damage.
The orc hits you with a +0 hand axe.
Grinder blinks!
The orc hits you but does no damage.
Grinder blinks!
The orc hits you with a +0 hand axe.
You can move again.
You take 4 damage, and have 15/32 hp.
Unknown command.
Unknown command.
You hit the orc.
The orc is severely wounded.
The orc hits you with a +0 hand axe.
* * * LOW HITPOINT WARNING * * *
You take 2 damage, and have 13/32 hp.
You hit the orc.
You kill the orc!
Grinder gestures at you. Pain shoots through your body!
* * * LOW HITPOINT WARNING * * *
You take 10 damage, and have 3/32 hp.
MASSIVE DAMAGE!!
You closely miss the orc. The orc closely misses you. Grinder gestures at you.
You resist with significant effort.
You barely miss the orc. The orc hits you but does no damage.
Grinder gestures at you.
You suddenly lose the ability to move!
The orc hits you with a +0 dagger.
* * * LOW HITPOINT WARNING * * *
The orc hits you but does no damage. x2
Grinder hits you but does no damage. The orc hits you but does no damage.
Grinder hits you!
You die... ██.█ ██.█ ...█ ...█ ████ █..████ █..... █████████████(o.█ .............)o.█ ██████████████.████.█ ...........█ █oo@5..█ ███████

........██.█ ██████████████.....█
.........█.█ █........██......
.........█.█ ██.██████.██....)█
.........█.█ █.......█.██......
.........█.█████.......█.██.....█
.........█.............█.██.....█
.........██████........█.██.....█
......†................█.██......


You could see Grinder and 2 orcs.

Vanquished Creatures
  An orc wizard (D:2)
  Robin (D:3)
  2 adders (D:2)
  An adder zombie (D:1)
  A worm (D:2)
  4 dart slugs (D:1)
  4 leopard geckos
  4 orcs (D:3)
  6 giant cockroaches
  15 goblins
  10 hobgoblins
  4 jackals
  2 ball pythons
  9 bats
  7 frilled lizards
  11 kobolds
  A leopard gecko zombie (D:1)
  7 rats
90 creatures vanquished.

Notes
Turn   | Place    | Note
-------+----------+-------------------------------------------
     0 | D:1      | DsMo the Kobold Gladiator began the quest for the Orb.
     0 | D:1      | Reached XP level 1. HP: 12/12 MP: 1/1
   154 | D:1      | Reached XP level 2. HP: 17/17 MP: 2/2
   447 | D:1      | Reached XP level 3. HP: 21/21 MP: 3/3
  1064 | D:1      | Reached XP level 4. HP: 24/27 MP: 4/4
  1884 | D:2      | Found a sacrificial altar of Ru.
  1895 | D:2      | Reached XP level 5. HP: 30/32 MP: 5/5
  2120 | D:2      | Became a worshipper of Ru the Awakened
  2436 | D:2      | Reached skill level 1 in Armour
  2499 | D:2      | Found a burning altar of Makhleb.
  2501 | D:2      | Noticed a blizzard demon
  2502 | D:2      | Noticed a smoke demon
  2502 | D:2      | Noticed a ynoxinul
  3065 | D:3      | Noticed Robin
  3114 | D:3      | Killed Robin
  3287 | D:3      | Noticed Grinder
  3290 | D:3      | Paralysed by Grinder for 5 turns
  3311 | D:3      | Paralysed by Grinder for 5 turns
  3319 | D:3      | Paralysed by Grinder for 5 turns
  3323 | D:3      | Mangled by Grinder

Illustrated notes

Levels and vault maps discovered:
D:1:      saegor_arrival_fortress, layout_basic, minmay_misc_feat_encased,
          minmay_bisected
D:2:      layout_loops_ring, nicolae_ru_great_annihilating_truth,
          makhleb_altar_promises_db, hangedman_decor_growths
D:3:      layout_basic, uniq_grinder, uniq_robin

Skill      XL: |  1  2  3  4  5 |
---------------+----------------+-----
Staves         | 3 4 |  4.5
Dodging        | 4 |  4.2
Fighting       | 3 |  3.2
Armour         | 1 |  1.1
Throwing       | |  2.1

Action                   |  1- 3 |  4- 6 || total
-------------------------+-------+-------++-------
Melee: Quarterstaff      |    99 |   232 ||   331
Throw: Throwing net      |       |     2 ||     2
  Use: Scroll            |       |     3 ||     3
 Stab: Sleeping          |     7 |     8 ||    15
Armor: Leather armour    |    21 |     2 ||    23
       Ring mail         |       |    74 ||    74
Dodge: Dodged            |    70 |   170 ||   240

Table legend: (Time is in decaauts)
 A = Elapsed time spent in this place.
 B = Non-inter-level travel time spent in this place.
 C = Inter-level travel time spent in this place.
 D = Time resting spent in this place.
 E = Time spent auto-exploring this place.
 F = Levels seen in this place.
 G = Mean time per level.
                   A        B        C        D        E       F      G
               +--------+--------+--------+--------+--------+-----+--------+
         Total |   3357 |   3113 |    244 |      0 |   2481 |   3 | 1119.0 |
       Dungeon |   3357 |   3113 |    244 |      0 |   2481 |   3 | 1119.0 |
               +--------+--------+--------+--------+--------+-----+--------+

Top non-repeatable levels by time:
     D:1: 1537 daAuts
     D:2: 1076 daAuts
     D:3: 743 daAuts

Levels and vault maps discovered:
D:1:      saegor_arrival_fortress, layout_basic, minmay_misc_feat_encased,
          minmay_bisected
D:2:      layout_loops_ring, nicolae_ru_great_annihilating_truth,
          makhleb_altar_promises_db, hangedman_decor_growths
D:3:      layout_basic, uniq_grinder, uniq_robin
